 Dungeon Crawl Stone Soup version 0.30-a0-359-gd0147acb1a (webtiles) character file.

Game seed: 16522012201263886803

9510 oldriver the Thaumaturge (level 11, -1/80 HPs)
             Began as a Mummy Necromancer on Nov 12, 2022.
             Was a Priest of Hepliaklqana.
             Slain by a yak (8 damage)
             ... on level 1 of the Lair of Beasts.
             The game lasted 00:24:56 (11730 turns).

oldriver the Thaumaturge (Mummy Necromancer)       Turns: 11730, Time: 00:24:56

Health: -1/80      AC:  3    Str: 11    XL:     11   Next: 24%
Magic:  10/28      EV: 13    Int: 19    God:    Hepliaklqana [***...]
Gold:   304        SH:  5    Dex: 23    Spells: 23/36 levels left

rFire   . . .      SeeInvis +    k - +7 sling of the Crawling Thing {freeze, Fragile rN+ Will+}
rCold   + . .      Faith    +    m - +0 buckler
rNeg    + + +      Spirit   .    u - +1 robe "Fisunaf" {Will+ Dex+4 SInv}
rPois   ∞          Reflect  .    (no helmet)
rElec   .          Harm     .    (no cloak)
rCorr   .          Rampage  .    (no gloves)
Will    +++..                    (no boots)
Stlth   +++.......               (no amulet)
HPRegen 0.33/turn                j - +6 ring of dexterity
MPRegen 0.21/turn                s - ring of protection from fire

@: animating dead
A: reduced essence, cold resistance 1, negative energy resistance 3, torment
resistance 2, heat vulnerability 1, in touch with death 1, no potions, faith
a: Renounce Religion, Recall Ancestor, Ancestor Identity, Transference


You were on level 1 of the Lair of Beasts.
You worshipped Hepliaklqana.
Hepliaklqana was most pleased with you.
You visited 2 branches of the dungeon, and saw 10 of its levels.
You also visited: Sewer.

You collected 549 gold pieces.
You spent 245 gold pieces at shops.

Inventory:

Hand Weapons
 f - a +0 whip of electrocution
 k - the +7 sling of the Crawling Thing (weapon) {freeze, Fragile rN+ Will+}
   (You found it on level 9 of the Dungeon)

   Any ammunition fired from it freezes those it strikes, dealing additional
   cold damage.
   It can also slow down cold-blooded creatures.
   rN:        It protects you from negative energy.
   Fragile:   It will be destroyed if unequipped.
   Will:      It increases your willpower.
Armour
 m - a +0 buckler (worn)
 u - the +1 robe "Fisunaf" (worn) {Will+ Dex+4 SInv}
   (You found it on level 9 of the Dungeon)

   Dex:       It affects your dexterity (+4).
   SInv:      It lets you see invisible.
   Will:      It increases your willpower.
Jewellery
 j - a +6 ring of dexterity (left hand)
 s - a ring of protection from fire (right hand)
 t - a ring of see invisible
Wands
 g - a wand of roots (13)
 p - a wand of flame (15)
 q - a wand of charming (15)
 r - a wand of mindburst (17)
Scrolls
 a - 2 scrolls of vulnerability
 b - 5 scrolls of noise
 c - 3 scrolls of teleportation
 d - 4 scrolls of magic mapping
 e - a scroll of identify
 h - 5 scrolls of blinking
 i - a scroll of immolation
 l - 2 scrolls of fear
 n - a scroll of torment
 o - a scroll of poison


   Skills:
 * Level 9.0 Fighting
 + Level 1.9 Ranged Weapons
 - Level 3.0 Armour
 - Level 3.0 Dodging
 - Level 3.0 Stealth
 + Level 2.1 Shields
 + Level 13.0 Spellcasting
 + Level 9.2 Necromancy


You had 23 spell levels left.
You knew the following spells:

 Your Spells              Type           Power      Damage    Failure   Level
a - Necrotise             Necr           100%       1d9       1%          1
b - Vampiric Draining     Necr           63%        2d10      1%          3
c - Animate Dead          Necr           63%        N/A       1%          4
d - Agony                 Necr           63%        N/A       4%          5

Your spell library contained the following spells:

 Spells                   Type           Power      Damage    Failure   Level
 Ignite Poison            Fire/Tmut/Pois 12%        N/A       22%         3
 Kindle Blastsparks       Fire/Tloc/Air  24%        2d12      22%         3
 Freezing Cloud           Conj/Ice/Air   6%         6-21      89%         5


Dungeon Overview and Level Annotations

Branches:
Dungeon (9/15)             Temple (0/1) D:6            Lair (1/5) D:8
  Sewer (visited)
    Orc: D:9-12

Altars:
Hepliaklqana
Makhleb
Qazlal
Sif Muna
Trog
Wu Jian
Xom
Yredelemnul

Shops:
D:2 ?   D:4 ?   D:8 ?

Annotations:
D:5 3 runed translucent doors, experimilk's ghost, amateur DrCj; snetch's ghost, novice DjFE
Lair:1 1 runed translucent door


Innate Abilities, Weirdness & Mutations

Your life essence is reduced to manifest your ancestor. (-10% HP)
You are immune to poison.
Your flesh is cold resistant. (rC+)
You are immune to negative energy. (rN+++)
You are immune to unholy pain and torment.
You are vulnerable to heat. (rF-)
You are in touch with the powers of death.
You do not drink.
You have a special connection with the divine. (Faith)


Message History

Chitauli hits the yak but does no damage.
The yak closely misses you.
You feel a surge of power!
The cane toad writhes in agony.
The cane toad closely misses you.
The yak gores Chitauli but does no damage.
The yak gores Chitauli.
Chitauli blocks the yak's attack.
The yak gores Chitauli.
Chitauli hits the yak with a +0 flail!
Casting: Necrotise (safe; 1% risk of failure)
Confirm with . or Enter, or press ? or * to list all spells.
Aiming: Vampiric Draining (safe; 1% risk of failure)
Press: ? - help, Shift-Dir - straight line, f/p - cane toad
Aim: a cane toad (moderately wounded)
You feel a surge of power!
You draw life force from the cane toad!!
You feel life coursing into your body! The cane toad stings you.
Chitauli blocks the yak's attack.
The yak barely misses Chitauli.
The yak gores Chitauli!
Chitauli is destroyed!
The yak gores you. The cane toad stings you!!
The yak bellows!
Casting: Vampiric Draining (safe; 1% risk of failure)
Confirm with . or Enter, or press ? or * to list all spells.
Aiming: Vampiric Draining (safe; 1% risk of failure)
Press: ? - help, Shift-Dir - straight line, f/p - cane toad
Aim: a cane toad (severely wounded)
You feel a surge of power!
You draw life force from the cane toad!
You feel life coursing into your body. The cane toad stings you!
* * * LOW HITPOINT WARNING * * *
The yak misses you. The yak gores you!
* * * LOW HITPOINT WARNING * * *
Casting: Vampiric Draining (safe; 1% risk of failure)
Confirm with . or Enter, or press ? or * to list all spells.
Aiming: Vampiric Draining (safe; 1% risk of failure)
Press: ? - help, Shift-Dir - straight line, f/p - cane toad
Aim: a cane toad (almost dead)
You feel a surge of power!
You draw life force from the cane toad!!
You kill the cane toad!
You feel life coursing into your body.
The dead are hopping!
The yak gores you!
You die...

##.>...###..#
###.........#
.#..........######
#..............#.#
##..............#
##.#####.......###
#... #.........##
#.. #...#..Z...#
#.. #...##..@Y##
###.##.#.Y.#
###.##YY##
##..YY.P#
#......?...
#P...#..#....
######... ... ....
.. ..... #


You could see 6 yaks and a friendly cane toad zombie.

Vanquished Creatures
  Amaemon (D:8)
  Pikel (D:4)
  An orange demon (D:8)
  2 cane toads (Lair:1)
  2 trolls
  A queen bee (D:9)
  Grinder (D:4)
  A wyvern (Lair:1)
  A yak (Lair:1)
  A basilisk (Lair:1)
  Menkaure (D:6)
  2 water moccasins
  An orc warrior (D:7)
  3 ogres
  A centaur (D:7)
  An ice beast (D:6)
  A lemure (D:4)
  5 kobold brigands
  2 gnoll sergeants
  2 bullfrogs
  7 scorpions
  3 wights (D:8)
  6 killer bees (D:9)
  3 howler monkeys
  3 jellies
  3 orc priests
  3 hounds
  Jessica (D:3)
  A gnoll bouda (D:7)
  3 orc wizards
  2 iguanas
  11 gnolls
  13 adders
  13 river rats
  3 ufetubi (D:5)
  2 worms
  6 dart slugs
  23 orcs
  7 bats
  8 endoplasms
  2 giant cockroaches
  4 goblins
  12 hobgoblins
  18 jackals
  8 quokkas
  7 ball pythons
  4 frilled lizards
  20 kobolds
  35 rats
262 creatures vanquished.

Vanquished Creatures (collateral kills)
  3 cane toads (Lair:1)
  A vampire (D:9)
  4 wyverns
  2 yaks (Lair:1)
  A centaur (D:8)
  A gnoll sergeant (D:9)
  2 bullfrogs
  A necrophage (D:6)
  4 wights (D:8)
  13 killer bees (D:9)
  2 howler monkeys
  A hound (D:4)
  An orc priest (D:7)
  2 orc wizards (D:7)
  11 gnolls
  A river rat (D:5)
  An ufetubus (D:7)
  A dart slug (D:2)
  5 orcs
  2 bats
  An endoplasm (D:2)
  A giant cockroach (D:2)
  A goblin (D:1)
  A hobgoblin (D:2)
  A ball python (Sewer)
  6 kobolds
  4 rats
74 creatures vanquished.

Vanquished Creatures (others)
  A cane toad zombie (Lair:1)
  A wyvern zombie (Lair:1)
  3 yak zombies (Lair:1)
  A queen bee zombie (D:9)
  A bullfrog zombie (Lair:1)
  A centaur zombie (D:8)
  4 knights
  2 scorpion zombies (D:6)
  13 killer bee zombies (D:9)
  3 ancestors (D:7)
  A hound zombie (D:7)
  5 gnoll zombies (D:8)
  A kobold zombie (D:7)
  3 orc zombies (D:7)
  A rat zombie (D:5)
  A fungus (Lair:1)
  3 plants
45 creatures vanquished.

Grand Total: 381 creatures vanquished

Notes
Turn   | Place    | Note
-------+----------+-------------------------------------------
     0 | D:1      | oldriver the Mummy Necromancer began the quest for the Orb.
     0 | D:1      | Reached XP level 1. HP: 13/13 MP: 4/4
    96 | D:1      | Reached skill level 3 in Spellcasting
   141 | D:1      | Reached XP level 2. HP: 13/20 MP: 0/6
   288 | D:1      | Reached skill level 1 in Fighting
   497 | D:1      | Gained mutation: You are in touch with the powers of death.
                  | [Mummy growth]
   497 | D:1      | Reached XP level 3. HP: 26/26 MP: 0/8
  1142 | D:2      | Reached skill level 4 in Spellcasting
  1444 | D:2      | Reached XP level 4. HP: 28/32 MP: 1/10
  1622 | D:2      | Learned a level 3 spell: Vampiric Draining
  1910 | D:2      | Learned a level 4 spell: Animate Dead
  1942 | D:2      | Found Ciluit's Magic Scroll Shoppe.
  2061 | D:2      | Bought a scroll of blinking for 75 gold pieces
  2061 | D:2      | Bought a scroll of teleportation for 30 gold pieces
  2061 | D:2      | Bought a scroll of identify for 20 gold pieces
  2403 | D:3      | Found a shimmering blue altar of Sif Muna.
  2412 | D:3      | Reached XP level 5. HP: 32/38 MP: 9/12
  2437 | D:3      | Noticed Jessica
  2438 | D:3      | Killed Jessica
  2439 | D:3      | Reached skill level 5 in Spellcasting
  2974 | D:3      | Reached skill level 5 in Necromancy
  2975 | D:3      | Reached XP level 6. HP: 28/46 MP: 2/14
  3381 | D:4      | Reached skill level 6 in Spellcasting
  3458 | D:4      | Found a glowing drain.
  3479 | Sewer    | Entered a sewer
  3971 | Sewer    | Reached XP level 7. HP: 43/52 MP: 7/17
  4117 | Sewer    | Reached skill level 7 in Spellcasting
  4861 | D:4      | Found Xubb's Magic Scroll Shop.
  5109 | D:4      | Noticed Grinder
  5141 | D:4      | Killed Grinder
  5142 | D:4      | Reached skill level 8 in Spellcasting
  5157 | D:4      | Noticed Pikel
  5337 | D:4      | Killed Pikel
  5338 | D:4      | Reached skill level 9 in Spellcasting
  5338 | D:4      | Reached XP level 8. HP: 39/61 MP: 8/21
  5418 | D:4      | Reached skill level 5 in Fighting
  5749 | D:4      | Found a bloodstained altar of Trog.
  5754 | D:4      | Found a hazy altar of Hepliaklqana.
  5758 | D:4      | Found a stormy altar of Qazlal.
  5761 | D:4      | Found a shimmering altar of Xom.
  5761 | D:4      | Found a burning altar of Makhleb.
  5764 | D:4      | Became a worshipper of Hepliaklqana the Forgotten
  5790 | D:4      | Found an ornate altar of the Wu Jian Council.
  5963 | D:5      | Entered Level 5 of the Dungeon
  5968 | D:5      | Found a runed translucent gate.
  6181 | D:5      | Found a runed translucent gate.
  6182 | D:5      | Found a runed translucent gate.
  6183 | D:5      | Noticed experimilk's ghost (amateur DrCj)
  6183 | D:5      | Noticed snetch's ghost (novice DjFE)
  6544 | D:5      | Reached skill level 10 in Spellcasting
  7003 | D:5      | Reached XP level 9. HP: 68/68 MP: 16/23
  7494 | D:6      | Reached * piety under Hepliaklqana
  7511 | D:6      | Found a staircase to the Ecumenical Temple.
  7657 | D:6      | Noticed Menkaure
  7669 | D:6      | Killed Menkaure
  7853 | D:6      | Reached skill level 11 in Spellcasting
  8821 | D:7      | Noticed a troll
  8825 | D:7      | Reached skill level 12 in Spellcasting
  8833 | D:7      | Killed a troll
  9294 | D:8      | Reached ** piety under Hepliaklqana
  9295 | D:8      | Remembered your ancestor Chitauli as a knight
  9300 | D:8      | You fall into a shaft and drop 1 floor!
  9322 | D:9      | Reached XP level 10. HP: 71/71 MP: 21/26
  9388 | D:9      | Identified the +1 robe "Fisunaf" {Will+ Dex+4 SInv}
  9710 | D:9      | Reached skill level 1 in Armour
 10452 | D:9      | Identified the +7 sling of the Crawling Thing {freeze,
                  | Fragile rN+ Will+}
 10537 | D:9      | Learned a level 5 spell: Agony
 10568 | D:8      | Found a staircase to the Lair.
 10710 | D:8      | Found Gyquajimo's Magic Scroll Shop.
 10716 | D:8      | Bought a scroll of blinking for 120 gold pieces
 10792 | D:8      | Found a basalt altar of Yredelemnul.
 10857 | D:8      | Noticed Amaemon
 10857 | D:8      | Noticed an orange demon
 10960 | D:8      | Killed an orange demon
 10961 | D:8      | Reached skill level 1 in Shields
 11064 | D:8      | Killed Amaemon
 11065 | D:8      | Reached skill level 1 in Ranged Weapons
 11429 | Lair:1   | Entered Level 1 of the Lair of Beasts
 11431 | Lair:1   | Noticed a cane toad
 11497 | Lair:1   | Reached XP level 11. HP: 78/78 MP: 23/27
 11535 | Lair:1   | Reached skill level 13 in Spellcasting
 11624 | Lair:1   | Reached *** piety under Hepliaklqana
 11706 | Lair:1   | Found a runed translucent door.
 11729 | Lair:1   | HP: 4/80 [yak (13)]
 11730 | Lair:1   | Slain by a yak

Illustrated notes

Levels and vault maps discovered:
D:1:      eino_arrival_water_star, layout_basic
D:2:      layout_rooms, serial_shops, nicolae_shop_stone,
          chequers_decorated_corner, serial_bayou_pond_c, minivault_26,
          roderic_roman_lattice, minmay_fractal_squares_5
D:3:      layout_rooms, mainiacjoe_overflow_tiny_flanked, feat_on_display,
          uniq_jessica
D:4:      layout_loops_cross, nicolae_overflow_hallway_of_the_gods,
          portal_sewer_entry_a, serial_shops, shop, hangedman_decor_lopped,
          uniq_grinder, uniq_pikel
D:5:      lemuel_ratsnest, layout_loops_cross, gammafunk_ghost_cemetery,
          minivault_23
D:6:      layout_rooms, temple_pool_b, minmay_misc_feat_plants, uniq_menkaure
D:7:      layout_cave_pools
D:8:      layout_basic, kennysheep_ying_yang, dpeg_oklobed_lair, serial_shops,
          nicolae_shop_competitors_out_of_business, uniq_amaemon
D:9:      layout_roguey, special_room [special_room_bee], serial_curves,
          eino_curves_03, eino_curves_01, eino_curves_01
Lair:1:   layout_misc_corridors, ebering_ghost_xom

Skill      XL: |  1  2  3  4  5  6  7  8  9 10 11 |
---------------+----------------------------------+-----
Spellcasting   | 3 4 5 6 9 10 12 13 | 13.0
Fighting       | 1 2 3 4 5 7 8 9 |  9.0
Necromancy     | 5 6 7 8 9 |  9.2
Stealth        | 2 3 |  3.0
Dodging        | 3 |  3.0
Armour         | 2 3 |  3.0
Shields        | 1 2 |  2.1
Ranged Weapons | 1 |  1.9

Action                   |  1- 3 |  4- 6 |  7- 9 | 10-12 || total
-------------------------+-------+-------+-------+-------++-------
Melee: Unarmed           |    29 |       |       |       ||    29
       Whip              |     1 |    22 |    51 |    10 ||    84
 Fire: Sling             |       |       |       |    63 ||    63
 Cast: Necrotise         |    82 |   155 |   256 |    75 ||   568
       Vampiric Draining |       |     7 |    39 |    22 ||    68
       Animate Dead      |       |       |     7 |     9 ||    16
Invok: Recall Ancestor   |       |       |     1 |     2 ||     3
       Ancestor Life: Kn |       |       |     1 |       ||     1
Evoke: Wand              |       |       |     6 |       ||     6
  Use: Scroll            |       |     3 |     7 |       ||    10
Armor: Robe              |    15 |    22 |    40 |     5 ||    82
Dodge: Dodged            |    44 |    43 |   133 |    47 ||   267
Block: Buckler           |       |       |       |     6 ||     6

Table legend: (Time is in decaauts)
 A = Elapsed time spent in this place.
 B = Non-inter-level travel time spent in this place.
 C = Inter-level travel time spent in this place.
 D = Time resting spent in this place.
 E = Time spent auto-exploring this place.
 F = Levels seen in this place.
 G = Mean time per level.
                   A        B        C        D        E       F      G
               +--------+--------+--------+--------+--------+-----+--------+
         Total |  11803 |  11502 |    301 |   1413 |   7602 |  11 | 1073.0 |
       Dungeon |  10275 |   9975 |    300 |   1229 |   6685 |   9 | 1141.7 |
          Lair |    309 |    309 |      0 |     34 |    115 |   1 |  309.0 |
         Sewer |   1218 |   1218 |      0 |    150 |    802 |   1 | 1218.0 |
               +--------+--------+--------+--------+--------+-----+--------+

Top non-repeatable levels by time:
     D:5: 1540 daAuts
     D:3: 1415 daAuts
     D:4: 1283 daAuts
     D:9: 1256 daAuts
   Sewer: 1218 daAuts
     D:1: 1108 daAuts
     D:8: 1022 daAuts
     D:2: 982 daAuts
     D:7: 946 daAuts
     D:6: 720 daAuts
  Lair:1: 309 daAuts
